 Dungeon Crawl Stone Soup version 0.18.1-5-g4a78601 (webtiles) character file.

10397 Northaan the Carver (level 11, 0/89 HPs)
             Began as a Human Fighter on May 14, 2016.
             Was an Elder of Qazlal.
             Slain by a spiny frog (3 damage)
             ... on level 1 of the Lair of Beasts.
             The game lasted 00:28:26 (15951 turns).

Northaan the Carver (Human Fighter)                Turns: 15951, Time: 00:28:27

Health: 0/89       AC: 24    Str: 19    XL:     11   Next: 92%
Magic:  14/14      EV:  8    Int:  8    God:    Qazlal [****..]
Gold:   385        SH: 16    Dex: 14    Spells: 0 memorised, 10 levels left

rFire  . . .     SeeInvis .     a - +0 long sword
rCold  + . .     Gourm    .     h - +0 chain mail
rNeg   . . .     Faith    .     O - +0 shield {AC+3}
rPois  .         Spirit   .     x - +2 helmet
rElec  .         Dismiss  .     g - +0 cloak
rCorr  .         Reflect  .     (no gloves)
SustAt .         Harm     .     S - +0 pair of boots
MR     .....                    (no amulet)
Stlth  ..........               o - ring of protection from cold
                                s - +5 ring of protection

@: lethally poisoned (0 -> -32), repel missiles, not resistant to hostile
enchantments, extremely unstealthy
A: no striking features
a: Upheaval, Elemental Force, Renounce Religion


You were on level 1 of the Lair of Beasts.
You worshipped Qazlal.
Qazlal was greatly pleased with you.
You were hungry.

You visited 3 branches of the dungeon, and saw 14 of its levels.
You also visited: Ossuary.

You collected 756 gold pieces.
You spent 371 gold pieces at shops.

Inventory:

Hand Weapons
 a - a +0 long sword (weapon)
Missiles
 N - 6 javelins of returning (quivered)
Armour
 c - a +0 shield
 g - a +0 cloak (worn)
 h - a +0 chain mail (worn)
 q - a +2 buckler
 v - a +0 helmet
 x - a +2 helmet (worn)
 O - a +0 shield of protection (worn)
 S - a +0 pair of boots (worn)
Jewellery
 l - an uncursed ring of sustain attributes
 o - a ring of protection from cold (right hand)
 s - a +5 ring of protection (left hand)
 H - an uncursed ring of stealth
Wands
 w - a wand of iceblast (9/15)
 y - a wand of random effects (14/48)
 z - a wand of flame (47/48)
 B - a wand of paralysis (16/24)
 X - a wand of flame (23/48)
Scrolls
 b - 3 scrolls of blinking
 e - a scroll of random uselessness
 k - 9 scrolls of identify
 n - a scroll of remove curse
 p - 3 scrolls of fog {unknown}
 r - 3 scrolls of magic mapping
 E - 5 scrolls of teleportation
 L - 5 scrolls of enchant weapon
 M - a scroll of fear {unknown}
 P - a scroll of enchant armour {unknown}
 W - a scroll of acquirement {unknown}
Potions
 d - 2 potions of might
 m - 4 potions of haste
 t - 4 potions of lignification
 u - 3 potions of curing
 D - a potion of mutation {unknown}
 F - a potion of flight {unknown}
 G - 2 potions of beneficial mutation {unknown}
 I - 2 potions of berserk rage {unknown}
 J - a potion of cancellation {unknown}
 R - a potion of cure mutation {unknown}
 V - a potion of ambrosia {unknown}
Books
 A - a book of the Dragon

   Spells                             Type                      Level
   a - Flame Tongue                   Conjuration/Fire             1
   b - Cause Fear                     Hexes                        4
   c - Bolt of Fire                   Conjuration/Fire             6
   d - Dragon Form                    Transmutation                7
   e - Dragon's Call                  Summoning                    9
 Q - a book of Misfortune

   Spells                             Type                      Level
   a - Confusing Touch                Hexes                        2
   b - Confuse                        Hexes                        3
   c - Gell's Gravitas                Hexes/Translocation          3
   d - Petrify                        Transmutation/Earth          4
   e - Metabolic Englaciation         Hexes/Ice                    5
   f - Yara's Violent Unravelling     Hexes/Transmutation          5
 T - a book of Death

   Spells                             Type                      Level
   a - Corpse Rot                     Necromancy                   2
   b - Sublimation of Blood           Necromancy                   2
   c - Agony                          Necromancy                   5
   d - Dispel Undead                  Necromancy                   5
   e - Excruciating Wounds            Charms/Necromancy            5
   f - Bolt of Draining               Conjuration/Necromancy       5
 U - a book of Beasts

   Spells                             Type                      Level
   a - Summon Butterflies             Summoning                    1
   b - Call Canine Familiar           Summoning                    3
   c - Summon Ice Beast               Ice/Summoning                4
   d - Summon Mana Viper              Hexes/Summoning              5
   e - Summon Hydra                   Summoning                    7
Comestibles
 f - 7 bread rations
 i - 6 beef jerkies
 j - 3 meat rations
 C - 4 fruits
 K - 4 slices of pizza


   Skills:
 + Level 9.5 Fighting
 * Level 11.0 Long Blades
 + Level 6.4 Armour
 + Level 5.2 Dodging
 + Level 5.8 Shields
 + Level 5.1 Invocations
 - Level 3.7 Evocations


You had 10 spell levels left.
You didn't know any spells.

Dungeon Overview and Level Annotations

Branches:
Dungeon (12/15)            Temple (1/1) D:6            Lair (1/8) D:9
    Orc (0/2) D:10

Altars:
Ashenzari
Cheibriados
Dithmenos
Elyvilon
Fedhas
Gozag
Kikubaaqudgha
Makhleb
Nemelex Xobeh
Okawaru
Pakellas
Qazlal
Ru
Sif Muna
Trog
Vehumet
Xom
Yredelemnul
Zin
The Shining One

Shops:
D:7 }   D:10 ?


Message History

You closely miss the spiny frog.
The spiny frog is severely wounded.
* * * LOW HITPOINT WARNING * * *
You feel very sick.
The spiny frog stings you but does no damage.
You slash the spiny frog!
The spiny frog is almost dead.
* * * LOW HITPOINT WARNING * * *
You feel sick. You block the spiny frog's attack.
You hit the spiny frog but do no damage.
The spiny frog is almost dead.
* * * LOW HITPOINT WARNING * * *
You feel very sick.
The spiny frog stings you but does no damage.
You closely miss the spiny frog.
The spiny frog is almost dead.
* * * LOW HITPOINT WARNING * * *
You feel very sick. The spiny frog stings you.
You die...

# #+#.### ... #.
.....=.#+..##..
...............
..............#
..............#
.........§....#
......F§.§.....
#@.§.....
##......#. ###
#.§§....# ...[
### ##......#
....
###PP###P......#
....
...............#
....
#.............#.
....
#...#.##......P.
...#
#.............P.
..##


You could see a spiny frog.

Vanquished Creatures
  A hydra (Lair:1)
  2 hill giants
  An ugly thing (D:11)
  A cyclops (D:10)
  A troll (D:11)
  Grinder (D:5)
  Sigmund (D:3)
  3 humans
  A wyvern (D:10)
  8 yaks
  A hungry ghost (D:11)
  A basilisk (Lair:1)
  2 porcupines (Lair:1)
  An orc warrior (D:10)
  3 sky beasts
  5 ogres
  An ice beast (D:5)
  A wasp (D:8)
  An eye of draining (D:10)
  2 phantoms
  A centaur (D:7)
  A big kobold (D:9)
  7 giant frogs
  2 elf zombies (Ossuary)
  2 gnoll sergeants
  A wyvern skeleton (D:7)
  3 jellies
  4 scorpions
  5 killer bees
  A howler monkey (D:4)
  5 crimson imps
  2 giant frog zombies (D:9)
  A centaur zombie (D:5)
  2 human zombies (Ossuary)
  7 hounds
  11 orc priests
  A giant frog skeleton (D:5)
  18 orc wizards
  Jessica (D:3)
  5 iguanas
  Ijyb (D:3)
  10 worker ants
  8 sheep
  A big kobold zombie (Ossuary)
  2 hound zombies
  A hound skeleton (D:7)
  2 mummies (Ossuary)
  Robin (D:3)
  10 gnolls
  5 river rats (Lair:1)
  10 adders
  A shadow imp (D:5)
  2 oozes (D:5)
  2 adder zombies (Ossuary)
  An adder skeleton (D:5)
  8 worms
  2 dart slugs
  7 giant geckos
  48 orcs
  4 giant cockroaches
  19 goblins
  11 hobgoblins
  8 jackals (D:3)
  4 quokkas
  A ball python (D:4)
  11 bats
  A giant cockroach zombie (D:5)
  A giant gecko skeleton (D:7)
  5 giant newts
  2 goblin zombies (Ossuary)
  9 hobgoblin zombies (Ossuary)
  2 jackal zombies (Ossuary)
  18 kobolds
  7 kobold zombies (Ossuary)
  9 orc zombies (Ossuary)
  6 rats
  A rat zombie (Ossuary)
  3 fungi (D:9)
362 creatures vanquished.

Vanquished Creatures (others)
  An orc warrior (D:10)
  A centaur (D:10)
  A giant frog (D:10)
  A gnoll sergeant (D:10)
  A jelly (D:10)
  A hound (D:10)
  An iguana (D:10)
  An orc wizard (D:5)
  2 orcs
  A bush (D:7)
11 creatures vanquished.

Grand Total: 373 creatures vanquished

Notes
Turn   | Place    | Note
--------------------------------------------------------------
     0 | D:1      | Northaan the Human Fighter began the quest for the Orb.
     0 | D:1      | Reached XP level 1. HP: 18/18 MP: 1/1
   181 | D:1      | Reached XP level 2. HP: 12/24 MP: 2/2
   491 | D:1      | Reached XP level 3. HP: 29/29 MP: 3/3
   524 | D:1      | Reached skill level 3 in Long Blades
   913 | D:2      | Reached XP level 4. HP: 31/36 MP: 4/4
  1013 | D:2      | You fall through a shaft!
  1132 | D:3      | Noticed Sigmund
  1145 | D:3      | Killed Sigmund
  1145 | D:3      | Reached skill level 5 in Long Blades
  1145 | D:3      | Reached XP level 5. HP: 39/43 MP: 5/5
  1145 | D:3      | Reached XP level 6. HP: 44/49 MP: 6/6
  2042 | D:3      | Noticed Ijyb
  2061 | D:3      | Killed Ijyb
  2251 | D:3      | Noticed Jessica
  2263 | D:3      | Killed Jessica
  2263 | D:3      | Reached skill level 5 in Fighting
  2263 | D:3      | Reached XP level 7. HP: 56/56 MP: 7/7
  2277 | D:3      | Noticed Robin
  2312 | D:3      | Killed Robin
  3202 | D:4      | Reached skill level 6 in Long Blades
  3544 | D:4      | Found a shadowy altar of Dithmenos.
  3920 | D:4      | Reached XP level 8. HP: 42/64 MP: 8/8
  4139 | D:4      | Reached skill level 7 in Long Blades
  4492 | D:5      | Entered Level 5 of the Dungeon
  4492 | D:5      | Noticed Grinder
  5777 | D:5      | Reached skill level 8 in Long Blades
  6191 | D:5      | Killed Grinder
  6191 | D:5      | Reached XP level 9. HP: 36/72 MP: 9/9
  6359 | D:5      | Found a deep blue altar of Sif Muna.
  7074 | D:6      | Found a staircase to the Ecumenical Temple.
  7981 | Temple   | Entered the Ecumenical Temple
  8138 | Temple   | Became a worshipper of Qazlal Stormbringer
  8217 | D:6      | Noticed a hill giant
  8408 | D:6      | Found a bloodstained altar of Trog.
  8652 | D:6      | Reached skill level 9 in Long Blades
  8652 | D:6      | Reached skill level 1 in Evocations
  8799 | D:7      | Found Ycvys's Gadget Shoppe.
  9001 | D:7      | Reached skill level 1 in Dodging
  9231 | D:7      | Reached skill level 1 in Invocations
 10062 | D:8      | Found a sand-covered staircase.
 10292 | Ossuary  | Entered an ossuary
 10324 | Ossuary  | Reached * piety under Qazlal
 10422 | Ossuary  | Reached XP level 10. HP: 62/82 MP: 11/11
 10451 | Ossuary  | Reached ** piety under Qazlal
 10702 | D:8      | Found a sacrificial altar of Ru.
 11190 | D:9      | Found an ancient bone altar of Kikubaaqudgha.
 11239 | D:9      | Found a shattered altar of Ashenzari.
 11306 | D:9      | Found an opulent altar of Gozag.
 11733 | D:9      | Found an iron altar of Okawaru.
 11863 | D:9      | Found a staircase to the Lair.
 12063 | D:10     | Entered Level 10 of the Dungeon
 12296 | D:10     | Found Qovapp's Magic Scroll Emporium.
 12301 | D:10     | Bought a scroll of blinking for 105 gold pieces
 12301 | D:10     | Bought a scroll of enchant weapon for 105 gold pieces
 12301 | D:10     | Bought a scroll of identify for 28 gold pieces
 12301 | D:10     | Bought a scroll of identify for 28 gold pieces
 12301 | D:10     | Bought a scroll of enchant weapon for 105 gold pieces
 12312 | D:10     | Found a shimmering altar of Xom.
 12348 | D:10     | Reached *** piety under Qazlal
 12577 | D:10     | Reached skill level 10 in Long Blades
 12861 | D:10     | Reached skill level 5 in Armour
 12987 | D:10     | Found a staircase to the Orcish Mines.
 13062 | D:10     | Reached XP level 11. HP: 55/89 MP: 13/13
 13416 | D:10     | Reached **** piety under Qazlal
 13539 | D:10     | Noticed a hill giant
 13589 | D:9      | Killed a hill giant
 14025 | D:10     | Reached skill level 5 in Shields
 14112 | D:10     | Noticed a cyclops
 14133 | D:10     | Killed a cyclops
 14677 | D:11     | Noticed a red ugly thing
 14691 | D:11     | Killed a red ugly thing
 14721 | D:11     | Noticed a hill giant
 14823 | D:10     | Killed a hill giant
 15092 | D:11     | Noticed a cyclops
 15259 | D:10     | Noticed a hill giant
 15626 | Lair:1   | Entered Level 1 of the Lair of Beasts
 15825 | Lair:1   | Reached skill level 5 in Dodging
 15923 | Lair:1   | Noticed a four-headed hydra
 15927 | Lair:1   | Killed a five-headed hydra
 15927 | Lair:1   | Reached skill level 11 in Long Blades
 15927 | Lair:1   | Reached skill level 5 in Invocations
 15951 | Lair:1   | HP: 3/89 [poisoned by a spiny frog]
 15951 | Lair:1   | Slain by a spiny frog

Skill      XL: |  1  2  3  4  5  6  7  8  9 10 11 |
---------------+----------------------------------+-----
Long Blades    | 3 5 6 8 9 10 11 | 11.0
Fighting       | 4 5 7 8 9 |  9.5
Evocations     | 1 3 |  3.7
Dodging        | 1 3 5 |  5.2
Invocations    | 1 3 5 |  5.1
Shields        | 4 5 |  5.8
Armour         | 5 6 |  6.4

Action                   |  1- 3 |  4- 6 |  7- 9 | 10-12 || total
-------------------------+-------+-------+-------+-------++-------
Melee: Long sword        |    81 |   186 |   765 |   798 ||  1830
Invok: Upheaval          |       |       |       |     1 ||     1
Evoke: Wand              |       |       |     1 |       ||     1
  Use: Potion            |     3 |     1 |       |       ||     4
       Scroll            |       |       |     6 |     2 ||     8
  Eat: Chunk             |       |     5 |    19 |    15 ||    39
       Meat ration       |       |       |     1 |       ||     1
       Royal jelly       |       |       |     1 |       ||     1
       Fruit             |       |       |       |     1 ||     1
       Pizza             |       |       |       |     3 ||     3
Armor: Chain mail        |    40 |    94 |   417 |   338 ||   889
Dodge: Dodged            |     8 |    66 |   228 |   173 ||   475
       Deflected         |       |       |       |     3 ||     3
Block: Shield            |    23 |       |       |   305 ||   328
       Buckler           |     8 |    69 |   282 |   123 ||   482
